General information
			
			
        
        - name: FFA for your feet
 
        - type: Ladder 1vs1/FFA
 
        - host: iggy_the_fisk
 
        - saver: blinn
 
        
map: SGOW08 
        - players: 9
 
        - length: 100:38
 
        - speed: Fast
 - version: 1.22 W3XP
 - replay type:  

 
» download(1243 KB)
Players
        team 1 (winner) 
              
              
» 
iggy_the_fisk (
red | 22 APM | 2222 actions | 100:38)
              
 4 Far Seer 
 2 Feral Spirit
 2 Chain Lighting
 3 Tauren Chieftain 
 2 Shockwave
 1 Endurance Aura
 2 Pandaren Brewmaster 
 1 Breath of Fire
 1 Drunken Haze
 
                » actions 
                
                | Assign group hotkey | 169 |  | 
| Basic commands | 13 |  | 
| Build / train | 55 |  | 
| Enter build submenu | 21 |  | 
| Enter hero's abilities submenu | 9 |  | 
| Give item / drop item | 2 |  | 
| Remove unit from queue | 2 |  | 
| Right click | 1249 |  | 
| Select / deselect | 469 |  | 
| Select group hotkey | 105 |  | 
| Use ability | 124 |  | 
                2222 total
 » units 
                
                | Peon | 13 |  | 
| Grunt | 4 |  | 
| Raider | 6 |  | 
| Kodo Beast | 1 |  | 
                24 total
 » upgrades
                
                | Berserker Strength | 0 |  | 
| Ensnare | 1 |  | 
| Pillage | 1 |  | 
| Melee Weapons | 1 |  | 
                3 total
 » buildings
                
                | Altar of Storms | 3 |  | 
| Orc Burrow | 9 |  | 
| Barracks | 1 |  | 
| Voodoo Lounge | 2 |  | 
| Stronghold | 2 |  | 
| Fortress | 1 |  | 
| Beastiary | 2 |  | 
| War Mill | 1 |  | 
| Great Hall | 2 |  | 
                23 total
 » build order
                00:51 Altar of Storms
01:04 Orc Burrow
01:20 Barracks
02:10 Orc Burrow
02:46 Voodoo Lounge
03:34 Stronghold
03:34 Stronghold
04:18 Orc Burrow
06:18 Fortress
06:23 Beastiary
07:59 Beastiary
08:06 Orc Burrow
09:07 War Mill
11:11 Orc Burrow
11:11 Orc Burrow
13:41 Great Hall
14:07 Voodoo Lounge
18:02 Orc Burrow
19:04 Altar of Storms
20:24 Orc Burrow
21:26 Great Hall
22:09 Altar of Storms
24:56 Orc Burrow
» items
                
                | Healing Salve | 5 |  | 
| Scroll of Town Portal | 4 |  | 
| Orb of Lightning | 1 |  | 
| Potion of Healing | 1 |  | 
                11 total
  
               team 2 (loser) 
              
              
NADMaN (
dark-green | 160 APM | 16063 actions | 100:31)
              
 10 Blademaster 
 3 Wind Walk
 3 Critical Strike
 1 Bladestorm
 3 Mirror Image
 10 Tauren Chieftain 
 3 War Stomp
 3 Endurance Aura
 1 Reincarnation
 3 Shockwave
 10 Shadow Hunter 
 3 Hex
 3 Healing Wave
 1 Big Bad Voodoo
 3 Serpent Ward
 
                » actions 
                
                | Assign group hotkey | 29 |  | 
| Basic commands | 332 |  | 
| Build / train | 179 |  | 
| ESC pressed | 5 |  | 
| Enter build submenu | 70 |  | 
| Enter hero's abilities submenu | 32 |  | 
| Give item / drop item | 28 |  | 
| Right click | 6649 |  | 
| Select / deselect | 1791 |  | 
| Select group hotkey | 6261 |  | 
| Use ability | 684 |  | 
                16063 total
 » units 
                
                | Peon | 45 |  | 
| Grunt | 5 |  | 
| Spirit Walker | 5 |  | 
| Troll Witch Doctor | 5 |  | 
| Transport Ship | 2 |  | 
| Shaman | 6 |  | 
| Tauren | 6 |  | 
| Raider | 2 |  | 
                76 total
 » upgrades
                
                | Witch Doctor Training | 2 |  | 
| Spirit Walker Training | 3 |  | 
| Shaman Training | 2 |  | 
| Pulverize | 1 |  | 
| Armor | 3 |  | 
| Melee Weapons | 3 |  | 
| Reinforced Defenses | 1 |  | 
| Ensnare | 1 |  | 
| Spiked Barricades | 1 |  | 
                17 total
 » buildings
                
                | Altar of Storms | 8 |  | 
| Orc Burrow | 7 |  | 
| Barracks | 1 |  | 
| Voodoo Lounge | 11 |  | 
| Stronghold | 5 |  | 
| Spirit Lodge | 3 |  | 
| Fortress | 4 |  | 
| Beastiary | 2 |  | 
| Great Hall | 18 |  | 
| War Mill | 3 |  | 
| Tauren Totem | 4 |  | 
| Farm | 2 |  | 
| Keep | 2 |  | 
                70 total
 » build order
                00:58 Altar of Storms
01:08 Orc Burrow
01:36 Barracks
02:20 Orc Burrow
02:50 Voodoo Lounge
04:04 Stronghold
06:13 Orc Burrow
06:54 Spirit Lodge
06:55 Spirit Lodge
08:18 Fortress
08:18 Fortress
08:28 Beastiary
09:45 Great Hall
10:55 War Mill
16:25 Great Hall
16:40 Tauren Totem
16:41 Tauren Totem
17:45 Great Hall
23:40 Great Hall
23:51 Voodoo Lounge
30:20 Great Hall
30:22 Great Hall
31:01 Voodoo Lounge
31:02 Voodoo Lounge
31:05 Orc Burrow
32:56 Great Hall
33:18 Great Hall
34:05 Great Hall
36:39 Great Hall
39:05 Voodoo Lounge
46:43 War Mill
47:52 Great Hall
47:54 Great Hall
47:56 Voodoo Lounge
47:56 Voodoo Lounge
50:07 Voodoo Lounge
58:48 Great Hall
59:15 Stronghold
66:36 Altar of Storms
66:41 Great Hall
67:44 Altar of Storms
75:08 Altar of Storms
75:10 Spirit Lodge
75:13 Beastiary
75:42 Stronghold
75:45 Tauren Totem
75:47 Tauren Totem
77:28 Voodoo Lounge
78:58 Fortress
78:58 Fortress
79:47 Great Hall
79:55 Great Hall
80:13 Voodoo Lounge
80:14 Voodoo Lounge
82:14 Great Hall
84:59 Orc Burrow
85:36 Altar of Storms
85:49 War Mill
88:10 Altar of Storms
88:11 Altar of Storms
88:12 Altar of Storms
89:10 Orc Burrow
91:07 Great Hall
93:40 Orc Burrow
93:49 Farm
94:17 Keep
94:17 Keep
98:27 Farm
» items
                
                | Healing Salve | 2 |  | 
| Orb of Lightning | 3 |  | 
| Scroll of Town Portal | 17 |  | 
| Periapt of Vitality | 2 |  | 
| Potion of Healing | 1 |  | 
| Potion of Mana | 5 |  | 
                30 total
  
               team 3 (loser) 
              
              
BEAR_AND (
blue | 126 APM | 11634 actions | 92:07)
              
 5 Archmage 
 3 Summon Water Elemental
 2 Brilliance Aura
 5 Mountain King 
 3 Storm Bolt
 2 Bash
 5 Paladin 
 3 Holy Light
 2 Divine Shield
 
                » actions 
                
                | Assign group hotkey | 79 |  | 
| Basic commands | 39 |  | 
| Build / train | 166 |  | 
| Enter build submenu | 55 |  | 
| Enter hero's abilities submenu | 17 |  | 
| Give item / drop item | 18 |  | 
| Remove unit from queue | 14 |  | 
| Right click | 6969 |  | 
| Select / deselect | 1308 |  | 
| Select group hotkey | 2687 |  | 
| Use ability | 282 |  | 
                11634 total
 » units 
                
                | Peasant | 42 |  | 
| Footman | 8 |  | 
| Sorceress | 6 |  | 
| Spell Breaker | 6 |  | 
| Priest | 5 |  | 
| Knight | 5 |  | 
| Transport Ship | 3 |  | 
| Thunder Lizard | 1 |  | 
| Furbolg Shaman | 1 |  | 
| Satyr Shadowdancer | 1 |  | 
                78 total
 » upgrades
                
                | Sorceress Training | 2 |  | 
| Magic Sentry | 1 |  | 
| Control Magic | 1 |  | 
| Defend | 1 |  | 
| Priest Training | 2 |  | 
| Animal War Training | 1 |  | 
| Armor | 3 |  | 
| Masonry | 2 |  | 
| Lumber Harvesting | 2 |  | 
| Swords | 3 |  | 
| Plating | 3 |  | 
                21 total
 » buildings
                
                | Altar of Kings | 4 |  | 
| Barracks | 2 |  | 
| Farm | 23 |  | 
| Arcane Vault | 1 |  | 
| Keep | 2 |  | 
| Lumber Mill | 3 |  | 
| Arcane Sanctum | 2 |  | 
| Castle | 1 |  | 
| Scout Tower | 1 |  | 
| Blacksmith | 1 |  | 
| Town Hall | 13 |  | 
                53 total
 » build order
                00:57 Altar of Kings
01:08 Barracks
01:22 Farm
01:38 Farm
02:46 Farm
03:42 Farm
04:32 Arcane Vault
05:02 Keep
05:21 Farm
05:25 Farm
06:38 Lumber Mill
07:37 Arcane Sanctum
07:39 Arcane Sanctum
09:54 Castle
10:24 Scout Tower
10:27 Farm
14:46 Blacksmith
16:25 Farm
16:27 Farm
16:27 Farm
23:20 Town Hall
25:36 Town Hall
30:58 Barracks
31:45 Town Hall
32:22 Town Hall
41:56 Town Hall
63:39 Town Hall
66:33 Altar of Kings
66:46 Farm
66:49 Altar of Kings
67:08 Farm
67:13 Farm
67:17 Farm
68:35 Town Hall
69:13 Altar of Kings
70:20 Farm
70:23 Farm
75:21 Town Hall
75:36 Town Hall
76:10 Town Hall
79:43 Town Hall
89:10 Town Hall
89:20 Farm
89:22 Farm
89:23 Farm
89:29 Town Hall
89:32 Farm
89:33 Farm
89:34 Farm
89:36 Farm
90:20 Keep
90:26 Lumber Mill
90:53 Lumber Mill
» items
                
                | Scroll of Regeneration | 2 |  | 
| Lesser Clarity Potion | 1 |  | 
| Claws of Attack +9 | 1 |  | 
| Talisman of the Wild | 1 |  | 
| Staff of Sanctuary | 5 |  | 
| Scroll of Town Portal | 9 |  | 
| Potion of Healing | 2 |  | 
| Healing Wards | 1 |  | 
| Claws of Attack +12 | 1 |  | 
| Runed Bracers | 1 |  | 
| Staff of Teleportation | 2 |  | 
| Boots of Speed | 2 |  | 
                28 total
  
               team 4 (loser) 
              
              
» 
Mata. (
green | 122 APM | 11840 actions | 96:57)
              
 9 Dark Ranger 
 3 Black Arrow
 3 Silence
 1 Charm
 2 Life Drain
 8 Keeper of the Grove 
 3 Entangling Roots
 3 Thorns Aura
 1 Tranquility
 1 Force of Nature
 7 Priestess of the Moon 
 3 Trueshot Aura
 3 Scout
 1 Starfall
 
                » actions 
                
                | Assign group hotkey | 685 |  | 
| Basic commands | 155 |  | 
| Build / train | 174 |  | 
| Enter build submenu | 85 |  | 
| Enter hero's abilities submenu | 25 |  | 
| Give item / drop item | 9 |  | 
| Remove unit from queue | 16 |  | 
| Right click | 5747 |  | 
| Select / deselect | 2139 |  | 
| Select group hotkey | 2320 |  | 
| Use ability | 483 |  | 
                11840 total
 » units 
                
                | Wisp | 41 |  | 
| Archer | 6 |  | 
| Transport Ship | 2 |  | 
| Druid of the Talon | 5 |  | 
| Druid of the Claw | 5 |  | 
| Dryad | 10 |  | 
| Mountain Giant | 2 |  | 
                71 total
 » upgrades
                
                | Druid of the Talon Training | 2 |  | 
| Reinforced Hides | 3 |  | 
| Well Spring | 1 |  | 
| Druid of the Claw Training | 2 |  | 
| Hardened Skin | 1 |  | 
| Resistant Skin | 1 |  | 
| Mark of the Claw | 1 |  | 
| Abolish Magic | 1 |  | 
| Strength of the Wild | 3 |  | 
| Nature's Blessing | 1 |  | 
| Ultravision | 1 |  | 
| Mark of the Talon | 1 |  | 
| Shaman Training | 2 |  | 
                20 total
 » buildings
                
                | Altar of Elders | 4 |  | 
| Moon Well | 14 |  | 
| Ancient of War | 2 |  | 
| Tree of Ages | 3 |  | 
| Ancient of Wonders | 3 |  | 
| Tree of Eternity | 3 |  | 
| Hunter's Hall | 2 |  | 
| Ancient of Wind | 1 |  | 
| Ancient of Lore | 6 |  | 
| Tree of Life | 12 |  | 
| Great Hall | 3 |  | 
| Stronghold | 2 |  | 
| Voodoo Lounge | 1 |  | 
| Altar of Storms | 1 |  | 
| Fortress | 1 |  | 
| Spirit Lodge | 2 |  | 
| Town Hall | 4 |  | 
| Farm | 2 |  | 
                66 total
 » build order
                00:49 Altar of Elders
01:05 Moon Well
01:34 Ancient of War
02:24 Moon Well
04:22 Moon Well
05:45 Tree of Ages
06:17 Ancient of Wonders
08:59 Tree of Eternity
08:59 Tree of Eternity
09:01 Hunter's Hall
09:04 Ancient of Wind
10:38 Ancient of Lore
10:42 Ancient of Lore
10:43 Ancient of Lore
15:36 Tree of Life
16:05 Ancient of Lore
16:19 Moon Well
17:40 Tree of Life
21:26 Ancient of War
25:40 Moon Well
25:40 Moon Well
26:05 Moon Well
26:08 Tree of Life
27:07 Tree of Life
31:50 Tree of Life
31:54 Great Hall
34:55 Tree of Life
35:27 Stronghold
35:27 Stronghold
35:31 Voodoo Lounge
36:34 Tree of Life
36:37 Tree of Life
38:06 Altar of Storms
39:20 Fortress
39:31 Spirit Lodge
39:46 Spirit Lodge
47:47 Tree of Life
48:15 Tree of Life
48:45 Altar of Elders
48:53 Moon Well
49:36 Altar of Elders
50:30 Tree of Life
50:40 Moon Well
53:06 Tree of Ages
54:03 Ancient of Wonders
57:46 Hunter's Hall
58:26 Tree of Eternity
59:13 Ancient of Lore
59:47 Moon Well
60:39 Moon Well
61:24 Ancient of Lore
63:09 Tree of Ages
63:38 Moon Well
73:55 Altar of Elders
75:27 Tree of Life
76:23 Great Hall
78:38 Town Hall
81:53 Town Hall
82:44 Town Hall
83:03 Ancient of Wonders
83:06 Moon Well
83:08 Moon Well
87:29 Town Hall
91:33 Farm
93:07 Farm
93:27 Great Hall
» items
                
                | Staff of Preservation | 2 |  | 
| Helm of Valor | 1 |  | 
| Pendant of Energy | 1 |  | 
| Gloves of Haste | 1 |  | 
| Scroll of Town Portal | 9 |  | 
| Orb of Venom | 1 |  | 
| Anti-magic Potion | 1 |  | 
| Claws of Attack +12 | 2 |  | 
| Khadgar's Pipe of Insight | 1 |  | 
| Sobi Mask | 1 |  | 
| Potion of Invisibility | 1 |  | 
                21 total
  
               team 5 (loser) 
              
              
blinn (
orange | 146 APM | 14684 actions | 100:38)
              
 10 Blademaster 
 3 Wind Walk
 3 Critical Strike
 1 Bladestorm
 3 Mirror Image
 10 Tauren Chieftain 
 3 War Stomp
 3 Endurance Aura
 1 Reincarnation
 3 Shockwave
 9 Shadow Hunter 
 3 Healing Wave
 3 Hex
 1 Big Bad Voodoo
 2 Serpent Ward
 
                » actions 
                
                | Assign group hotkey | 135 |  | 
| Basic commands | 100 |  | 
| Build / train | 187 |  | 
| ESC pressed | 4 |  | 
| Enter build submenu | 35 |  | 
| Enter hero's abilities submenu | 29 |  | 
| Give item / drop item | 16 |  | 
| Remove unit from queue | 6 |  | 
| Right click | 6539 |  | 
| Select / deselect | 1438 |  | 
| Select group hotkey | 5657 |  | 
| Use ability | 532 |  | 
                14684 total
 » units 
                
                | Peon | 27 |  | 
| Grunt | 6 |  | 
| Troll Headhunter/Berserker | 7 |  | 
| Demolisher | 1 |  | 
| Raider | 5 |  | 
| Kodo Beast | 1 |  | 
| Spirit Walker | 3 |  | 
| Tauren | 4 |  | 
| Troll Witch Doctor | 4 |  | 
| Shaman | 3 |  | 
| Transport Ship | 3 |  | 
                64 total
 » upgrades
                
                | Berserker Strength | 1 |  | 
| Troll Regeneration | 2 |  | 
| Ranged Weapons | 3 |  | 
| Armor | 3 |  | 
| Spirit Walker Training | 2 |  | 
| Ensnare | 1 |  | 
| War Drums Damage Increase | 1 |  | 
| Berserker Upgrade | 1 |  | 
| Witch Doctor Training | 2 |  | 
| Pillage | 1 |  | 
| Melee Weapons | 3 |  | 
| Pulverize | 1 |  | 
| Shaman Training | 2 |  | 
| Reinforced Defenses | 1 |  | 
| Spiked Barricades | 1 |  | 
| Burning Oil | 1 |  | 
                26 total
 » buildings
                
                | Altar of Storms | 1 |  | 
| Orc Burrow | 7 |  | 
| Barracks | 2 |  | 
| Voodoo Lounge | 1 |  | 
| Stronghold | 3 |  | 
| War Mill | 1 |  | 
| Fortress | 2 |  | 
| Spirit Lodge | 3 |  | 
| Beastiary | 1 |  | 
| Tauren Totem | 2 |  | 
| Great Hall | 9 |  | 
                32 total
 » build order
                00:54 Altar of Storms
01:05 Orc Burrow
01:30 Barracks
02:23 Orc Burrow
03:07 Voodoo Lounge
03:48 Stronghold
03:48 Stronghold
03:48 Stronghold
04:31 Orc Burrow
05:06 War Mill
05:34 Barracks
06:36 Orc Burrow
10:09 Fortress
10:09 Fortress
10:11 Spirit Lodge
10:21 Spirit Lodge
11:09 Beastiary
11:46 Orc Burrow
11:47 Orc Burrow
15:27 Tauren Totem
18:53 Great Hall
28:38 Great Hall
29:47 Great Hall
29:53 Orc Burrow
40:25 Great Hall
42:06 Great Hall
43:44 Great Hall
56:34 Tauren Totem
56:35 Spirit Lodge
67:52 Great Hall
70:45 Great Hall
71:51 Great Hall
» items
                
                | Healing Salve | 8 |  | 
| Scroll of Speed | 4 |  | 
| Potion of Mana | 2 |  | 
| Orb of Lightning | 1 |  | 
| Scroll of Town Portal | 10 |  | 
| Claws of Attack +9 | 1 |  | 
| Boots of Quel'Thalas +6 | 1 |  | 
| Legion Doom-Horn | 1 |  | 
| Red Drake Egg | 1 |  | 
| Helm of Valor | 1 |  | 
| The Lion Horn of Stormwind | 1 |  | 
| Medallion of Courage | 1 |  | 
| Belt of Giant Strength +6 | 1 |  | 
| Tiny Great Hall | 1 |  | 
                34 total
  
               team 6 (loser) 
              
              
TALONSAREIMBA (
pink | 82 APM | 8238 actions | 100:38)
              
 10 Far Seer 
 3 Feral Spirit
 3 Chain Lighting
 2 Earth Quake
 2 Far Sight
 5 Shadow Hunter 
 3 Hex
 2 Healing Wave
 7 Tauren Chieftain 
 3 War Stomp
 3 Endurance Aura
 1 Reincarnation
 
                » actions 
                
                | Assign group hotkey | 89 |  | 
| Basic commands | 471 |  | 
| Build / train | 244 |  | 
| ESC pressed | 26 |  | 
| Enter build submenu | 78 |  | 
| Enter hero's abilities submenu | 23 |  | 
| Give item / drop item | 4 |  | 
| Right click | 3818 |  | 
| Select / deselect | 2022 |  | 
| Select group hotkey | 940 |  | 
| Use ability | 523 |  | 
                8238 total
 » units 
                
                | Peon | 72 |  | 
| Grunt | 5 |  | 
| Troll Witch Doctor | 11 |  | 
| Raider | 2 |  | 
| Tauren | 31 |  | 
| Kodo Beast | 11 |  | 
| Shaman | 8 |  | 
| Spirit Walker | 1 |  | 
                141 total
 » upgrades
                
                | Armor | 3 |  | 
| Witch Doctor Training | 2 |  | 
| Berserker Strength | 1 |  | 
| Ensnare | 1 |  | 
| Pulverize | 1 |  | 
| Reinforced Defenses | 1 |  | 
| Melee Weapons | 3 |  | 
| Ranged Weapons | 1 |  | 
| Shaman Training | 2 |  | 
| War Drums Damage Increase | 1 |  | 
| Burning Oil | 1 |  | 
| Spiked Barricades | 3 |  | 
| Pillage | 1 |  | 
                21 total
 » buildings
                
                | Altar of Storms | 6 |  | 
| Orc Burrow | 15 |  | 
| Barracks | 1 |  | 
| Voodoo Lounge | 11 |  | 
| Stronghold | 5 |  | 
| War Mill | 7 |  | 
| Spirit Lodge | 2 |  | 
| Fortress | 5 |  | 
| Beastiary | 2 |  | 
| Tauren Totem | 3 |  | 
| Great Hall | 17 |  | 
                74 total
 » build order
                00:53 Altar of Storms
01:11 Orc Burrow
01:30 Barracks
02:32 Voodoo Lounge
02:37 Orc Burrow
02:53 Voodoo Lounge
04:04 Stronghold
04:30 War Mill
05:08 Orc Burrow
06:31 Spirit Lodge
06:35 Fortress
07:17 Orc Burrow
07:56 Fortress
08:54 Beastiary
11:06 Tauren Totem
11:57 Orc Burrow
18:39 Great Hall
19:18 Great Hall
23:36 Great Hall
28:03 War Mill
33:38 Great Hall
38:49 Great Hall
39:09 Orc Burrow
39:58 Great Hall
40:16 Altar of Storms
41:59 Tauren Totem
42:06 Orc Burrow
43:27 Orc Burrow
43:32 Beastiary
46:30 Orc Burrow
46:51 Orc Burrow
47:45 Orc Burrow
48:18 War Mill
50:42 Great Hall
51:03 Tauren Totem
54:56 Great Hall
58:04 Great Hall
58:33 War Mill
61:29 Great Hall
62:45 Great Hall
64:46 Great Hall
68:55 Great Hall
70:01 Great Hall
75:06 Great Hall
75:49 Great Hall
77:25 Stronghold
77:27 Orc Burrow
77:34 Altar of Storms
77:36 Orc Burrow
77:38 Orc Burrow
78:19 Great Hall
79:01 Orc Burrow
80:12 Spirit Lodge
82:22 Fortress
82:24 Stronghold
82:25 Stronghold
83:24 War Mill
83:28 War Mill
84:40 Altar of Storms
86:47 Fortress
86:48 Fortress
87:46 Voodoo Lounge
87:48 Voodoo Lounge
88:54 War Mill
89:09 Altar of Storms
89:39 Stronghold
90:51 Voodoo Lounge
90:54 Voodoo Lounge
90:57 Voodoo Lounge
92:16 Altar of Storms
96:37 Voodoo Lounge
96:38 Voodoo Lounge
99:54 Voodoo Lounge
99:55 Voodoo Lounge
» items
                
                | Healing Salve | 4 |  | 
| Scroll of Town Portal | 7 |  | 
| Potion of Lesser Invulnerability | 2 |  | 
| Scroll of Healing | 1 |  | 
| Potion of Healing | 1 |  | 
| Potion of Mana | 18 |  | 
| Potion of Greater Mana | 1 |  | 
| Orb of Lightning | 1 |  | 
| Tome of Retraining | 1 |  | 
| Scroll of Speed | 1 |  | 
                37 total
  
               team 7 (loser) 
              
              
» 
TIMG4STRok (
purple | 57 APM | 4234 actions | 74:27)
              
 3 Demon Hunter 
 2 Mana Burn
 1 Evasion
 2 Keeper of the Grove 
 1 Entangling Roots
 1 Thorns Aura
 
                » actions 
                
                | Assign group hotkey | 33 |  | 
| Basic commands | 158 |  | 
| Build / train | 77 |  | 
| ESC pressed | 4 |  | 
| Enter build submenu | 21 |  | 
| Enter hero's abilities submenu | 5 |  | 
| Give item / drop item | 5 |  | 
| Right click | 2057 |  | 
| Select / deselect | 608 |  | 
| Select group hotkey | 1134 |  | 
| Use ability | 132 |  | 
                4234 total
 » units 
                
                | Wisp | 22 |  | 
| Archer | 10 |  | 
| Dryad | 2 |  | 
| Druid of the Claw | 5 |  | 
| Druid of the Talon | 5 |  | 
                44 total
 » upgrades
                
                | Druid of the Claw Training | 2 |  | 
| Abolish Magic | 1 |  | 
| Ultravision | 1 |  | 
| Druid of the Talon Training | 2 |  | 
| Strength of the Wild | 1 |  | 
| Nature's Blessing | 1 |  | 
| Well Spring | 1 |  | 
| Reinforced Hides | 1 |  | 
                10 total
 » buildings
                
                | Altar of Elders | 1 |  | 
| Moon Well | 5 |  | 
| Ancient of War | 1 |  | 
| Tree of Ages | 1 |  | 
| Tree of Life | 3 |  | 
| Ancient of Wonders | 2 |  | 
| Hunter's Hall | 4 |  | 
| Ancient of Lore | 2 |  | 
| Tree of Eternity | 1 |  | 
| Ancient of Wind | 2 |  | 
                22 total
 » build order
                00:50 Altar of Elders
01:05 Moon Well
01:33 Ancient of War
02:16 Moon Well
02:57 Moon Well
04:11 Tree of Ages
05:14 Tree of Life
05:23 Ancient of Wonders
05:29 Moon Well
07:28 Hunter's Hall
09:04 Ancient of Lore
09:05 Ancient of Lore
10:13 Moon Well
10:15 Tree of Eternity
10:56 Ancient of Wind
12:35 Tree of Life
14:04 Ancient of Wind
15:23 Hunter's Hall
15:51 Hunter's Hall
16:28 Ancient of Wonders
16:32 Hunter's Hall
27:22 Tree of Life
» items
                
                | Scroll of Town Portal | 5 |  | 
| Staff of Preservation | 2 |  | 
| Potion of Healing | 3 |  | 
| Orb of Venom | 1 |  | 
| Moonstone | 1 |  | 
                12 total
  
               team 8 (loser) 
              
              
b0lt (
teal | 86 APM | 695 actions | 08:04)
              
 2 Archmage 
 1 Blizzard
 1 Brilliance Aura
 
                » actions 
                
                | Assign group hotkey | 32 |  | 
| Basic commands | 5 |  | 
| Build / train | 23 |  | 
| ESC pressed | 5 |  | 
| Enter build submenu | 13 |  | 
| Enter hero's abilities submenu | 2 |  | 
| Right click | 406 |  | 
| Select / deselect | 110 |  | 
| Select group hotkey | 72 |  | 
| Use ability | 27 |  | 
                695 total
 » units 
                » buildings
                
                | Altar of Kings | 1 |  | 
| Farm | 5 |  | 
| Barracks | 1 |  | 
| Keep | 1 |  | 
| Blacksmith | 1 |  | 
| Scout Tower | 1 |  | 
| Lumber Mill | 1 |  | 
                11 total
 » build order
                00:53 Altar of Kings
01:06 Farm
01:27 Farm
01:54 Barracks
02:26 Farm
03:02 Farm
03:43 Farm
04:43 Keep
04:44 Blacksmith
06:20 Scout Tower
06:27 Lumber Mill
 
               team 9 (loser) 
              
              
» 
NOMORELEFT (
yellow | 73 APM | 7286 actions | 99:42)
              
 7 Tauren Chieftain 
 3 Shockwave
 3 Endurance Aura
 1 Reincarnation
 7 Shadow Hunter 
 3 Healing Wave
 3 Hex
 1 Big Bad Voodoo
 
                » actions 
                
                | Assign group hotkey | 60 |  | 
| Basic commands | 11 |  | 
| Build / train | 237 |  | 
| ESC pressed | 2 |  | 
| Enter build submenu | 42 |  | 
| Enter hero's abilities submenu | 14 |  | 
| Give item / drop item | 11 |  | 
| Remove unit from queue | 12 |  | 
| Right click | 3446 |  | 
| Select / deselect | 1965 |  | 
| Select group hotkey | 1154 |  | 
| Use ability | 320 |  | 
                7286 total
 » units 
                
                | Peon | 34 |  | 
| Troll Headhunter/Berserker | 9 |  | 
| Tauren | 9 |  | 
| Shaman | 6 |  | 
| Troll Witch Doctor | 3 |  | 
| Spirit Walker | 2 |  | 
| Raider | 40 |  | 
| Demolisher | 7 |  | 
| Kodo Beast | 1 |  | 
| Transport Ship | 1 |  | 
                112 total
 » upgrades
                
                | Armor | 3 |  | 
| Troll Regeneration | 1 |  | 
| Ranged Weapons | 3 |  | 
| Shaman Training | 2 |  | 
| Melee Weapons | 3 |  | 
| Berserker Upgrade | 1 |  | 
| Witch Doctor Training | 2 |  | 
| Spirit Walker Training | 2 |  | 
| Pulverize | 2 |  | 
| Pillage | 1 |  | 
| Reinforced Defenses | 1 |  | 
| Burning Oil | 1 |  | 
| Spiked Barricades | 1 |  | 
| Ensnare | 1 |  | 
                24 total
 » buildings
                
                | Orc Burrow | 16 |  | 
| Altar of Storms | 3 |  | 
| Voodoo Lounge | 2 |  | 
| Barracks | 1 |  | 
| War Mill | 2 |  | 
| Stronghold | 8 |  | 
| Fortress | 2 |  | 
| Spirit Lodge | 2 |  | 
| Tauren Totem | 2 |  | 
| Great Hall | 8 |  | 
| Beastiary | 5 |  | 
                51 total
 » build order
                01:08 Orc Burrow
01:09 Altar of Storms
01:59 Voodoo Lounge
02:01 Barracks
02:06 War Mill
02:39 Orc Burrow
04:08 Voodoo Lounge
04:23 Stronghold
04:23 Stronghold
05:25 Orc Burrow
06:41 Orc Burrow
08:21 Fortress
08:21 Fortress
08:24 Spirit Lodge
09:47 Spirit Lodge
11:03 Tauren Totem
13:13 Great Hall
13:33 Orc Burrow
14:46 Orc Burrow
20:09 Tauren Totem
20:27 Beastiary
25:42 Great Hall
42:08 Altar of Storms
42:31 Orc Burrow
42:36 Orc Burrow
44:01 Great Hall
44:03 Orc Burrow
49:18 Great Hall
49:30 Orc Burrow
50:39 Stronghold
50:39 Stronghold
53:24 Beastiary
53:29 Beastiary
53:32 Orc Burrow
54:01 War Mill
62:36 Great Hall
62:38 Beastiary
62:41 Beastiary
62:44 Orc Burrow
62:44 Orc Burrow
65:40 Altar of Storms
67:17 Orc Burrow
68:28 Orc Burrow
68:40 Stronghold
75:44 Orc Burrow
82:35 Great Hall
84:08 Great Hall
91:22 Stronghold
91:23 Stronghold
94:57 Great Hall
» items
                
                | Healing Salve | 3 |  | 
| Scroll of Town Portal | 10 |  | 
| Orb of Lightning | 1 |  | 
| Claws of Attack +12 | 1 |  | 
| Potion of Healing | 1 |  | 
| Potion of Restoration | 1 |  | 
| Hood of Cunning | 1 |  | 
| Staff of Teleportation | 2 |  | 
| Boots of Speed | 2 |  | 
| Potion of Divinity | 1 |  | 
| Scroll of Healing | 1 |  | 
                24 total
  
                Chat log
          (00:11 / All) TALONSAREIMBA: wth
(00:15 / All) BEAR_AND:  
(00:16 / All) blinn: be patient bro
(00:17 / All) TALONSAREIMBA: whoa this map
(00:18 / All) TALONSAREIMBA: is huge
(00:20 / All) BEAR_AND:  
(00:21 / All) b0lt: yeah it is
(00:21 / All) TALONSAREIMBA: holy shit
(00:29 / All) b0lt: isn't this the map with like 4 maps in it
(00:33 / All) Mata.: yeah
(00:34 / All) Mata.: well
(00:36 / All) Mata.: it's garden of war
(00:37 / All) b0lt: center is one map, then the edges are echo isles
(00:37 / All) Mata.: in the middle
(00:39 / All) b0lt: and something like that
(00:49 / All) blinn: what's my name
(00:50 / All) BEAR_AND:  
(00:51 / All) Mata.: gl hf
(00:55 / All) NOMORELEFT: gl 2 all
(00:59 / All) iggy_the_fisk: enjoyes
(00:59 / All) NADMaN: ;p;
(01:00 / All) b0lt: gl 2 me
(01:00 / All) TIMG4STRok: suyck a dick not -timg4strok
(01:04 / All) TALONSAREIMBA: D
(01:11 / All) BEAR_AND:  
(01:25 / All) Mata.: abla
(01:25 / All) NADMaN: a
(01:29 / All) BEAR_AND:  
(01:33 / All) TALONSAREIMBA: Who wants
(01:35 / All) TALONSAREIMBA: Ally
(01:56 / All) BEAR_AND:  
(01:57 / All) blinn: i christen my first born
(02:02 / All) blinn: mudgolem
(02:28 / All) blinn: no towers, no air, 70 food
(06:51 / All) b0lt: this map is making me lag
(06:54 / All) TALONSAREIMBA: D
(06:54 / All) TALONSAREIMBA: D
(06:56 / All) BEAR_AND: same
(07:28 / All) b0lt: i can't micro
(07:34 / All) Mata.: what else is new
(07:49 / All) b0lt: getting 6 fps
(08:00 / All) b0lt: this mapsucks bye
(17:00 / All) TALONSAREIMBA: who are u red
(17:04 / All) BEAR_AND: iggy the fisk
(31:02 / All) TIMG4STRok: who is dg
(31:44 / All) TIMG4STRok: STOP
(31:46 / All) TIMG4STRok: my last building
(31:48 / All) TIMG4STRok: ill hack you
(37:06 / All) TALONSAREIMBA: truce
(37:13 / All) blinn: aight
(39:49 / All) TALONSAREIMBA: Stop
(39:50 / All) TALONSAREIMBA: t.t
(45:59 / All) TALONSAREIMBA: gogo kodos
(52:39 / All) TALONSAREIMBA: lol
(60:43 / All) blinn: gonan
(61:26 / Allies) blinn: we should take mid
(61:31 / All) TALONSAREIMBA: yeah
(61:44 / Allies) blinn: let's go push him
(62:56 / Allies) blinn: use far sight a lot
(63:02 / Allies) blinn: maybe retrain
(63:10 / Allies) blinn: here next
(68:57 / Allies) blinn: send wolves or somethin
(71:35 / Allies) blinn: raiders
(72:01 / Allies) blinn: you got far sight yet?
(72:04 / All) TALONSAREIMBA: yeah
(72:47 / Allies) blinn: just keep using far sight whenever it's up
(73:01 / Allies) blinn: noise
(78:03 / All) Mata.: expo up there
(78:04 / All) Mata.: but its dead
(86:24 / All) BEAR_AND: yeah yo
(98:38 / Allies) blinn: he's already left